 Dungeon Crawl Stone Soup version 0.29.1-15-g9cfb28693d (webtiles) character file.

Game seed: 4148886482563191659

101 javelincjr the Trooper (level 4, -2/35 HPs)
             Began as a Demonspawn Abyssal Knight on Mar 24, 2023.
             Was a Priest of Lugonu.
             Slain by an orc
             ... wielding a +1 falchion of protection
              (5 damage)
             ... on level 3 of the Dungeon.
             The game lasted 00:08:19 (3122 turns).

javelincjr the Trooper (Demonspawn Abyssal Knight)  Turns: 3122, Time: 00:08:19

Health: -2/35      AC:  3    Str: 14    XL:     4   Next: 48%
Magic:  6/6        EV: 11    Int: 13    God:    Lugonu [***...]
Gold:   149        SH:  0    Dex: 13    Spells: 3/3 levels left

rFire   . . .      SeeInvis .   p - +0 war axe
rCold   . . .      Faith    .   (no shield)
rNeg    . . .      Spirit   .   b - +0 leather armour
rPois   .          Reflect  .   (helmet restricted)
rElec   .          Harm     .   (no cloak)
rCorr   .          Rampage  .   (no gloves)
Will    .....                   (no boots)
Stlth   +.........              (no amulet)
HPRegen 0.11/turn               (no ring)
MPRegen 0.10/turn               (no ring)

@: no status effects
A: antennae 1, claws 1, hooves 1
a: Renounce Religion, Depart the Abyss, Bend Space, Banish


You were on level 3 of the Dungeon.
You worshipped Lugonu.
Lugonu was most pleased with you.
You visited 1 branch of the dungeon, and saw 3 of its levels.
You visited the Abyss 1 time.

You collected 149 gold pieces.

Inventory:

Hand Weapons
 a - a +1 hand axe
 p - a +0 war axe (weapon)
Missiles
 m - 3 poisoned darts
 q - 3 boomerangs (quivered)
Armour
 b - a +0 leather armour (worn)
 d - a +0 helmet
Scrolls
 c - a scroll of blinking {unknown}
 e - 2 scrolls of immolation
 g - 3 scrolls of fear
 h - a scroll of enchant armour
 o - a scroll of torment
 r - a scroll of magic mapping {unknown}
Potions
 f - 5 potions of curing {unknown}
 i - a potion of invisibility {unknown}
 j - 2 potions of flight {unknown}
 k - a potion of lignification {unknown}
 l - a potion of ambrosia {unknown}
 n - a potion of heal wounds {unknown}


   Skills:
 + Level 3.5 Fighting
 + Level 2.4 Axes
 + Level 2.4 Armour
 + Level 1.8 Dodging
 + Level 0.4 Spellcasting
 + Level 3.4 Invocations


You had 3 spell levels left.
You didn't know any spells.
Your spell library contained the following spells:

 Spells                   Type           Power      Damage    Failure   Level
 Freeze                   Ice            0%         1d3       36%         1
 Static Discharge         Conj/Air       0%         3-3/arc   50%         2
 Call Canine Familiar     Summ           0%         N/A       73%         3
 Conjure Flame            Conj/Fire      0%         6-21      73%         3
 Frozen Ramparts          Ice            0%         1d1       73%         3
 Ignite Poison            Fire/Tmut/Pois 0%         N/A       73%         3
 Portal Projectile        Hex/Tloc       0%         N/A       73%         3
 Hailstorm                Conj/Ice       0%         3d3       98%         4
 Leda's Liquefaction      Hex/Erth       0%         N/A       98%         4
 Sticky Flame             Conj/Fire      0%         2d3       98%         4
 Lightning Bolt           Conj/Air       0%         1d11      100%        5
 Maxwell's Capacitive Co  Air            0%         ∞         100%        8


Dungeon Overview and Level Annotations

Branches:
Dungeon (3/15)

Altars:
Cheibriados
Trog


Innate Abilities, Weirdness & Mutations

You have a pair of small antennae on your head.
You have sharp fingernails.
You have large cloven feet.


Message History

r - a scroll labelled DISIRE WIMA An orc comes into view.
It is wielding a +1 falchion of protection.
The orc shouts!
The orc throws a boomerang.
The boomerang barely misses you.
An orc comes into view. It is wielding a +0 club.
An orc comes into view. It is wielding a +0 dagger.
The orc shouts! x2
The orc throws a boomerang.
The boomerang hits you.
You barely miss the orc. Your kick misses the orc. You barely miss the orc.
You closely miss the orc. You hit the orc. The orc barely misses you.
The orc hits you with a +0 club. The orc hits you with a +0 dagger.
The orc hits you with a +1 falchion of protection.
The orc closely misses you.
You barely miss the orc. You kick the orc, but do no damage.
The orc is moderately wounded.
You slash the orc!
You kill the orc!
Lugonu accepts your kill.
You closely miss the orc.
The orc hits you with a +1 falchion of protection.
The orc hits you with a +0 dagger.
You are too injured to fight recklessly!
You are too injured to fight recklessly!
You are too injured to fight recklessly!
You barely miss the orc. Your kick misses the orc.
The orc is moderately wounded.
You barely miss the orc.
The orc hits you with a +1 falchion of protection.
The orc hits you but does no damage.
The orc hits you with a +1 falchion of protection.
* * * LOW HITPOINT WARNING * * *
The orc hits you with a +0 dagger.
* * * LOW HITPOINT WARNING * * *
You hit the orc. Your kick misses the orc.
The orc is almost dead.
You slash the orc!
You kill the orc!
Lugonu accepts your kill.
The orc hits you with a +1 falchion of protection.
You die...

#.# #.# #.# #.
#.###'###.###' ##
#.'........... #.
##.###'###.###'
#.###..# #.# #.# #.
#.#....# #.###.###.
#.#.##.# #...+.')).
##...##.# #####.####
#.)@###.# #.#
#...o)#..#######'####
#....................
#.....#........######
#.....##########
##.#### #. ##


You could see an orc.

Vanquished Creatures
  4 adders
  2 worms (D:2)
  A dart slug (D:2)
  5 orcs (D:3)
  2 bats
  7 endoplasms
  2 giant cockroaches
  A goblin (D:2)
  2 hobgoblins
  7 kobolds
  4 quokkas
  9 ball pythons
  3 frilled lizards
  6 rats
55 creatures vanquished.

Notes
Turn   | Place    | Note
-------+----------+-------------------------------------------
     0 | Abyss:1  | javelincjr the Demonspawn Abyssal Knight began the quest
                  | for the Orb.
     0 | Abyss:1  | Reached XP level 1. HP: 18/18 MP: 2/2
     3 | Abyss:1  | Found a corrupted altar of Lugonu.
    87 | Abyss:1  | Noticed a reaper
   102 | Abyss:1  | Noticed a large abomination
   110 | Abyss:1  | Noticed a ynoxinul
   118 | D:1      | Escaped the Abyss
   416 | D:1      | Reached ** piety under Lugonu
   528 | D:1      | Reached skill level 1 in Dodging
   726 | D:1      | Discovered your monstrous ancestry.
   726 | D:1      | Gained mutation: You have large cloven feet. [demonic
                  | ancestry]
   726 | D:1      | Reached XP level 2. HP: 17/24 MP: 4/4
  1534 | D:2      | Gained mutation: You have a pair of small antennae on your
                  | head. [demonic ancestry]
  1534 | D:2      | Reached XP level 3. HP: 29/29 MP: 5/5
  2786 | D:3      | Found a bloodstained altar of Trog.
  2864 | D:3      | Found a snail-covered altar of Cheibriados.
  2875 | D:3      | Gained mutation: You have sharp fingernails. [demonic
                  | ancestry]
  2875 | D:3      | Reached XP level 4. HP: 29/35 MP: 6/6
  3036 | D:3      | Reached *** piety under Lugonu
  3122 | D:3      | Slain by an orc

Illustrated notes

Levels and vault maps discovered:
D:1:      onia_arrival_mini_maze_b, layout_loops_ring
D:2:      layout_basic
D:3:      layout_rooms, mainiacjoe_overflow_concentric_impassable,
          mainiacjoe_overflow_boulevard, shapermc_ecumenical_altar_gd,
          minmay_door_square

Skill      XL: |  1  2 |
---------------+-------+-----
Dodging        | 1 |  1.8
Axes           | 2 |  2.4
Armour         | 2 |  2.4
Invocations    | 3 |  3.4
Fighting       | |  3.5
Spellcasting   | |  0.4

Action                   |  1- 3 |  4- 6 || total
-------------------------+-------+-------++-------
Melee: Hand axe          |   136 |     3 ||   139
       Kick              |    23 |     3 ||    26
       War axe           |       |    13 ||    13
Invok: Depart the Abyss  |     1 |       ||     1
  Use: Scroll            |       |     4 ||     4
 Stab: Sleeping          |     1 |       ||     1
Armor: Leather armour    |    57 |     2 ||    59
Dodge: Dodged            |    82 |    10 ||    92
